 Dungeon Crawl Stone Soup version 0.23.1 (webtiles) character file.

Game seed: 11992951594583562333

322 Borgoz the Sneak (level 6, 0/50 HPs)
             Began as a Ghoul Enchanter on Mar 4, 2019.
             Slain by a wight
             ... wielding a cursed +2 war axe of electrocution
              (9 damage)
             ... on level 5 of the Dungeon.
             The game lasted 00:07:05 (3470 turns).

Borgoz the Sneak (Ghoul Enchanter)                  Turns: 3470, Time: 00:07:06

Health: 0/50       AC:  6    Str:  9 (12) XL:     6   Next: 47%
Magic:  7/8        EV: 12    Int:  9 (10) God:
Gold:   148        SH:  0    Dex: 10 (11) Spells: 6/9 levels left

rFire    . . .     SeeInvis .   a - +1 dagger
rCold    + . .     Gourm    .   (no shield)
rNeg     + + +     Faith    .   h - +3 leather armour
rPois    ∞         Spirit   .   (no helmet)
rElec    .         Reflect  .   (no cloak)
rCorr    .         Harm     .   (no gloves)
MR       .....                  (no boots)
Stlth    ++........             i - amulet of regeneration
HPRegen  0.00/turn              m - +3 ring of slaying
MPRegen  0.11/turn              (no ring)

@: rotting
A: rotting body, claws 1, carnivore, cold resistance 1, negative energy
resistance 3, inhibited regeneration, torment resistance, unbreathing
a: no special abilities


You were on level 5 of the Dungeon.
You were not hungry.

You visited 1 branch of the dungeon, and saw 5 of its levels.

You collected 203 gold pieces.
You spent 55 gold pieces at shops.

Inventory:

Hand Weapons
 a - a +1 dagger (weapon)
Armour
 h - a +3 leather armour (worn)
Jewellery
 i - an amulet of regeneration (around neck)
 m - a +3 ring of slaying (left claw)
Wands
 g - a wand of flame (16)
Scrolls
 f - a scroll of immolation {unknown}
 k - a scroll of blinking
 q - a scroll of teleportation
Potions
 b - a potion of invisibility {unknown}
 c - a potion of degeneration
 e - a potion of haste {unknown}
 l - a potion of brilliance {unknown}
 n - a potion of lignification {unknown}
 o - a potion of agility {unknown}
 r - a potion of resistance {unknown}
Comestibles
 d - 8 rations


   Skills:
 + Level 2.6 Fighting
 * Level 3.4 Short Blades
 + Level 3.0 Dodging
 + Level 4.5 Stealth
 + Level 2.0 Spellcasting
 + Level 2.6 Hexes


You had 6 spell levels left.
You knew the following spells:

 Your Spells              Type           Power        Failure   Level  Hunger
a - Corona                Hex            #......      16%         1    ##.....
b - Ensorcelled Hibernat  Hex/Ice        #.....       38%         2    ###....

Your spell library contained the following spells:

 Spells                   Type           Power        Failure   Level  Hunger
 Confuse                  Hex            #.......     43%         3    ####...
 Tukima's Dance           Hex            #.......     43%         3    ####...
 Dazzling Spray           Conj/Hex       #.....       63%         3    ####...


Dungeon Overview and Level Annotations

Branches:
Dungeon (5/15)
 Temple: D:4-7

Altars:
Makhleb
Qazlal
Vehumet
Xom
Yredelemnul

Shops:
D:4 !


Innate Abilities, Weirdness & Mutations

Your body is rotting away.
You thrive on raw meat.
You are immune to poison.
You have sharp fingernails.
You are carnivorous and can eat meat at any time.
Your flesh is cold resistant. (rC+)
You are immune to negative energy. (rN+++)
You do not regenerate when monsters are visible.
You are immune to unholy pain and torment.
You can survive without breathing.


Message History

Confirm with . or Enter, or press ? or * to list all spells.
Aiming: Corona (safe; 13% risk of failure)
Press: ? - help, Shift-Dir - straight line, f - wight
Aim: a wight, wielding a +2 war axe of electrocution and wearing a +0 robe (heavily damaged, chance to defeat MR: 40%)
The wight resists with significant effort.
The wight hits you with a cursed +2 war axe of electrocution.
You hit the wight but do no damage.
The wight is heavily damaged.
The wight hits you with a cursed +2 war axe of electrocution!
You are electrocuted!
* * * LOW HITPOINT WARNING * * *
You barely miss the wight.
The wight is heavily damaged.
It was a potion of degeneration.
There was something very wrong with that liquid.
You feel weakened.
You feel dopey.
You feel clumsy.
The wight hits you with a cursed +2 war axe of electrocution.
* * * LOW HITPOINT WARNING * * *
You are electrocuted!
You die...

# #.#.
...####
#..#...#
#.....@#
#..#...z#
#......
#######.#
.# #


You could see a wight.

Vanquished Creatures
  Sigmund (D:2)
  A bullfrog skeleton (D:4)
  6 adders
  4 oozes
  2 worms
  A dart slug (D:3)
  3 leopard geckos
  5 giant cockroaches
  7 goblins
  3 hobgoblins
  3 jackals (D:2)
  3 ball pythons
  4 bats
  3 frilled lizards
  2 gnoll zombies (D:2)
  7 kobolds
  5 rats
60 creatures vanquished.

Notes
Turn   | Place    | Note
-------+----------+-------------------------------------------
     0 | D:1      | Borgoz the Ghoul Enchanter began the quest for the Orb.
     0 | D:1      | Reached XP level 1. HP: 14/14 MP: 2/2
    26 | D:1      | Reached skill level 1 in Short Blades
   274 | D:1      | Reached XP level 2. HP: 2/22 MP: 1/3
   988 | D:1      | Reached skill level 1 in Fighting
  1120 | D:2      | Reached XP level 3. HP: 28/28 MP: 4/4
  1316 | D:2      | Learned a level 2 spell: Ensorcelled Hibernation
  1339 | D:2      | Reached XP level 4. HP: 29/35 MP: 2/5
  1397 | D:2      | Noticed Sigmund
  1671 | D:2      | Found a stormy altar of Qazlal.
  1733 | D:3      | Reached skill level 4 in Stealth
  2236 | D:2      | Found a basalt altar of Yredelemnul.
  2388 | D:2      | Found a burning altar of Makhleb.
  2391 | D:2      | Found a shimmering altar of Xom.
  2530 | D:2      | Found a radiant altar of Vehumet.
  2878 | D:4      | Found Bumov's Distillery.
  2881 | D:4      | Bought a potion of heal wounds for 55 gold pieces
  2904 | D:4      | Reached XP level 5. HP: 30/40 MP: 6/6
  3092 | D:4      | HP: 1/41 [wight/+3 halberd (12)]
  3333 | D:2      | Killed Sigmund
  3333 | D:2      | Reached XP level 6. HP: 41/50 MP: 4/8
  3458 | D:5      | Entered Level 5 of the Dungeon
  3470 | D:5      | Slain by a wight

Skill      XL: |  1  2  3  4  5 |
---------------+----------------+-----
Short Blades   | 1 2 3 |  3.4
Dodging        | 2 3 |  3.0
Fighting       | 1 2 |  2.6
Stealth        | 4 |  4.5
Spellcasting   | 2 |  2.0
Hexes          | |  2.6

Action                   |  1- 3 |  4- 6 || total
-------------------------+-------+-------++-------
Melee: Dagger            |   107 |   150 ||   257
 Cast: Corona            |     3 |     2 ||     5
       Ensorcelled Hiber |     1 |     5 ||     6
  Use: Scroll            |       |     5 ||     5
       Potion            |       |     3 ||     3
 Stab: Sleeping          |     9 |     5 ||    14
  Eat: Chunk             |     3 |     8 ||    11
Armor: Robe              |    16 |       ||    16
       Leather armour    |     8 |    47 ||    55
Dodge: Dodged            |    69 |    90 ||   159
